Map: Orbital Shipyard

Players

Nerchio

  • Race: Zerg Zerg
  • League: Grandmaster

TYTY (TY) - Winner!

  • Race: Terran Terran
  • League: Diamond

Event: DreamHack ROCCAT LotV Championship

VOD

Have the link to the VOD?

Description

Time

  • Played on: Nov. 26, 2015, 12:58 p.m.
  • Length: 10:11

All games in this series

Show
View Real Time Build Order
Export as new Build Order

Nerchio Zerg 

Build Orders: Hatch First 

Get SALT Encoding   

  12  0:00  Drone  
  13  0:12  Overlord  
  13  0:17  Drone  
  14  0:30  Drone x2  
  14  0:34  Drone  
  17  0:51  Hatchery  
  17  0:55  Drone  
  17  0:58  Drone  
  18  1:12  Spawning Pool  
  18  1:14  Drone  
  18  1:17  Drone  
  19  1:19  Extractor  
  18  1:28  Drone  
  19  1:38  Overlord  
  19  1:58  Zergling x2, Queen  
  22  2:03  Zergling x2, Queen  
  22  2:04  Zergling x2  
  26  2:11  Drone  
  27  2:17  Drone  
  27  2:19  Metabolic Boost  
  27  2:21  Drone  
  29  2:25  Drone  
  30  2:32  Drone  
  30  2:34  Queen  
  30  2:36  Drone  
  34  2:44  Overlord  
  34  2:48  Drone  
  35  2:53  Drone  
  35  2:58  Overlord  
  36  3:04  Drone  
  36  3:05  Drone x3  
  39  3:08  Drone  
  39  3:12  Overlord  
  41  3:13  Drone x2  
  43  3:27  Hatchery, Drone  
  43  3:33  Roach Warren  
  42  3:35  Drone, Extractor  
  42  3:37  Drone  
  42  3:38  Drone  
  42  3:40  Drone  
  45  3:42  Drone  
  45  3:44  Drone  
  45  3:46  Drone  
  48  3:49  Drone  
  48  3:50  Drone  
  48  3:52  Drone  
  48  3:53  Drone  
  48  3:55  Drone  
  53  4:02  Overlord  
  53  4:04  Overlord  
  53  4:08  Extractor  
  52  4:15  Roach  
  52  4:16  Roach x3  
  60  4:22  Drone x2  
  60  4:23  Evolution Chamber  
  61  4:24  Evolution Chamber, Drone x2  
  61  4:26  Drone  
  61  4:29  Drone  
  64  4:38  Drone  
  65  4:40  Drone x2  
  65  4:43  Spore Crawler  
  65  4:44  Spore Crawler  
  58  4:48  Drone  
  58  4:49  Drone x2  
  58  4:52  Drone x3  
  60  4:56  Drone x2  
  61  5:01  Zerg Melee Weapons Level 1  
  61  5:03  Drone  
  61  5:04  Drone  
  61  5:06  Drone  
  64  5:12  Zerg Ground Armor Level 1  
  65  5:14  Drone x2  
  65  5:16  Ravager x3  
  65  5:18  Drone  
  69  5:22  Drone  
  69  5:23  Drone  
  69  5:27  Drone x2  
  73  5:29  Overlord  
  73  5:32  Pneumatized Carapace  
  73  5:34  Overlord  
  73  5:41  Drone x4  
  77  5:44  Overlord  
  77  5:45  Overlord  
  77  5:50  Spore Crawler  
  77  5:53  Queen  
  77  5:55  Ravager  
  77  5:56  Extractor  
  78  6:00  Drone x4  
  82  6:06  Drone  
  82  6:08  Drone  
  82  6:10  Drone  
  85  6:13  Drone x4  
  85  6:17  Lair  
  85  6:18  Overlord  
  86  6:19  Extractor  
  86  6:20  Queen  
  87  6:28  Zergling x8  
  87  6:29  Queen  
  87  6:30  Overlord  
  92  6:36  Roach x3  
  97  6:41  Drone x3  
  97  6:42  Extractor  
  99  6:50  Drone  
  99  6:52  Overlord  
  100  7:01  Overlord  
  99  7:05  Overlord x2  
  99  7:07  Hatchery, Drone x2  
  99  7:08  Drone  
  101  7:18  Zerg Ground Armor Level 2, Zerg Melee Weapons Level 2  
  101  7:20  Glial Reconstitution  
  101  7:21  Infestation Pit  
  100  7:24  Roach  
  100  7:25  Hatchery, Roach  
  100  7:26  Roach  
  100  7:28  Roach  
  109  7:30  Roach  
  109  7:32  Roach  
  109  7:36  Overlord  
  111  7:51  Drone x3  
  114  8:00  Hive, Infestor  
  114  8:01  Infestor  
  114  8:03  Ravager x2  
  120  8:06  Zergling x2  
  120  8:07  Zergling x14  
  120  8:09  Overlord  
  120  8:11  Overlord  
  128  8:16  Overlord x2  
  128  8:19  Overlord x3  
  128  8:20  Overlord  
  128  8:21  Overlord  
  128  8:23  Overlord  
  126  8:30  Spore Crawler, Zergling x10  
  126  8:31  Zergling x6  
  126  8:32  Spore Crawler  
  126  8:33  Zergling x2  
  133  8:37  Drone x2  
  133  8:41  Drone x4  
  136  8:46  Overlord  
  138  8:48  Zergling x2  
  138  8:49  Zergling x4  
  138  8:55  Overlord  
  141  9:02  Drone  
  142  9:03  Drone x2  
  142  9:04  Extractor  
  142  9:13  Ultralisk Cavern, Zergling x10  
  142  9:14  Zergling x14  
  142  9:16  Ravager x3  
  142  9:17  Ravager x4, Zergling x4  
  156  9:18  Zergling x2  
  156  9:21  Zergling x4  
  155  9:25  Zergling x4  
  155  9:27  Zergling x4  
  146  9:32  Zergling x4  
  146  9:33  Zergling x4  
  146  9:35  Zergling x2  
  146  9:36  Zergling x4  
  146  9:38  Zergling x2  
  129  9:40  Zergling x4  
  129  9:44  Zergling x4  
  129  9:45  Zergling x4  
  126  9:46  Zergling x4  
  126  9:47  Zergling x2  
  126  9:49  Zergling x2  
  121  9:53  Zergling x4  
  121  9:54  Zergling x2  
Show
View Real Time Build Order
Export as new Build Order

TYTY Terran - Winner!

Build Orders: Liberator Opening, Reaper Expand, Bio Tank 

Get SALT Encoding   

  12  0:00  SCV  
  13  0:12  SCV  
  14  0:20  Supply Depot  
  14  0:25  SCV  
  15  0:42  SCV, Barracks  
  16  0:44  Refinery  
  16  0:54  SCV  
  17  1:06  SCV  
  18  1:18  SCV  
  19  1:29  Reaper  
  19  1:30  Orbital Command  
  20  1:40  Command Center  
  20  1:50  Supply Depot  
  20  1:57  SCV  
  21  2:01  Marine  
  21  2:07  Factory  
  22  2:09  SCV  
  23  2:17  Refinery  
  23  2:21  SCV  
  23  2:22  Barracks Reactor  
  24  2:33  SCV  
  25  2:45  SCV  
  26  2:52  Orbital Command  
  26  2:57  Starport  
  26  2:58  SCV  
  27  3:02  Hellion x2  
  31  3:06  Barracks Tech Lab  
  31  3:10  SCV  
  32  3:18  SCV  
  33  3:22  SCV  
  33  3:26  Widow Mine x2  
  38  3:27  Marine  
  38  3:30  SCV  
  39  3:34  Medivac  
  39  3:38  Supply Depot  
  39  3:39  SCV  
  42  3:42  SCV  
  42  3:47  Liberator  
  43  3:58  Marine x2  
  43  3:59  SCV  
  43  4:00  SCV  
  47  4:08  Supply Depot  
  47  4:09  Command Center  
  50  4:16  Siege Tank, Marine  
  54  4:29  SCV x2, Supply Depot, Marine  
  55  4:39  Marine  
  55  4:41  SCV x2  
  58  4:47  Marine  
  58  4:48  Siege Tank  
  62  4:55  SCV x2  
  62  4:57  Marine, Starport Tech Lab  
  63  5:05  Marine  
  63  5:07  SCV x2  
  63  5:10  Supply Depot, Refinery  
  63  5:11  Refinery  
  62  5:15  Barracks x2  
  62  5:21  SCV x2  
  62  5:22  Marine x2  
  62  5:24  Orbital Command  
  66  5:29  Engineering Bay  
  66  5:30  Engineering Bay  
  66  5:33  Viking  
  68  5:37  SCV  
  68  5:38  SCV  
  68  5:40  Marine  
  71  5:49  Marine  
  72  5:56  SCV  
  72  5:57  SCV  
  74  5:58  Marine  
  74  6:03  Barracks Tech Lab, Starport Reactor  
  75  6:07  Terran Infantry Weapons Level 1, Supply Depot, Terran Infantry Armor Level 1, Orbital Command  
  75  6:09  SCV x2, Supply Depot  
  77  6:15  Marine  
  77  6:16  Stimpack, Marine x2  
  77  6:17  Siege Tank  
  83  6:21  SCV x2  
  83  6:23  Marine  
  86  6:28  Combat Shields  
  86  6:32  Marine  
  86  6:33  SCV x3, Marine  
  86  6:39  Marine  
  92  6:40  Marine  
  92  6:41  Medivac x2  
  92  6:45  SCV x3  
  92  6:46  Supply Depot  
  100  6:50  Marine  
  100  6:51  Marine  
  100  6:54  Siege Tank  
  102  6:57  SCV x2, Marine  
  102  6:58  SCV, Marine  
  102  7:00  Refinery  
  107  7:01  Refinery  
  107  7:08  Marine  
  107  7:09  Supply Depot  
  107  7:11  SCV x2  
  107  7:14  Barracks, Medivac x2  
  107  7:15  Barracks  
  114  7:18  SCV  
  114  7:20  Marine  
  116  7:23  SCV  
  116  7:27  Armory  
  117  7:33  Marauder x2  
  117  7:34  Supply Depot x2  
  117  7:35  Supply Depot x2  
  120  7:38  Siege Tank  
  120  7:41  Marine x2  
  125  7:47  Missile Turret  
  125  7:55  Medivac x2, Marine x2  
  125  7:56  SCV  
  132  7:59  Marine  
  133  8:06  Barracks, Marine  
  133  8:07  Barracks Reactor  
  133  8:08  Barracks Reactor  
  133  8:09  Barracks  
  133  8:10  Siege Tank  
  137  8:14  Marauder x2  
  141  8:26  Marine x2  
  143  8:30  Medivac  
  145  8:35  Marauder x2  
  147  8:43  Marine x2  
  147  8:45  Siege Tank  
  147  8:46  Marine x2  
  147  8:47  Marine x2  
  156  8:52  Supply Depot  
  156  8:53  Supply Depot  
  156  8:55  Supply Depot x2  
  156  9:00  Marauder  
  156  9:02  Barracks Reactor x2  
  157  9:08  Marine  
  157  9:09  Marine x2  
  157  9:10  Marine  
  157  9:11  Marine x2  
  157  9:12  Marauder  
  155  9:21  Medivac x2, Marine  
  155  9:22  Siege Tank  
  163  9:26  Marine  
  163  9:27  Marine x2  
  163  9:28  Marine  
  163  9:29  Marine x2  
  159  9:34  SCV x2, Marauder  
  151  9:39  Marine x2, Marauder  
  151  9:40  Marine x2  
  151  9:44  Marine  
  151  9:45  Marine x2  
  153  9:46  Marine  
  153  9:51  Marine x2  

Tags
 
Add a new tag
Caveats
  • Supply blocks, unpowered buildings, or Contaminate may cause inaccurate times.
  • Supply counts are checked every 10 seconds.